 Dungeon Crawl Stone Soup version 0.15-a0-674-g7948ca6 (webtiles) character file.

303 Amnesiac the Vexing (level 6, -2/36 HPs)
             Began as a Halfling Enchanter on May 9, 2014.
             Killed by nerve-wracking pain
             ... invoked by Grinder
              (7 damage)
             ... while paralysed by Grinder
             ... on Level 4 of the Dungeon.
             The game lasted 00:10:34 (2111 turns).

Amnesiac the Vexing (Halfling Enchanter)            Turns: 2111, Time: 00:10:34

HP  -2/36        AC  3     Str  5      XL: 6   Next: 65%
MP   9/9         EV  3     Int 17      God:
Gold 128         SH  0     Dex 14 (15) Spells:  2 memorised,  4 levels left

rFire  . . .     SeeInvis .     q - +7 lajatang of Order {silver, rMut}
rCold  . . .     Clarity  .     b - +1 robe
rNeg   . . .     Conserve .     (no shield)
rPois  .         rCorr    .     (no helmet)
rElec  .         rRot     .     (no cloak)
SustAb . .       Spirit   .     (no gloves)
rMut   +         Warding  .     (no boots)
Saprov . . .     Rnd*Tele +     (no amulet)
MR     .....                    l - cursed -2 ring of dexterity
                                i - cursed ring of teleportation

@: paralysed, very slightly contaminated, not resistant to hostile enchantments,
fairly stealthy
A: mutation resistance 1, slow metabolism 1
a: Evoke Teleportation


You were on level 4 of the Dungeon.
You were not hungry.

You visited 1 branch of the dungeon, and saw 7 of its levels.

You collected 128 gold pieces.

Inventory:

Hand weapons
 q - the +7,+7 lajatang of Order (weapon) {silver, rMut}
   (You found it on level 6 of the Dungeon)
 w - a +2,+2 dagger
Missiles
 d - 12 darts (quivered)
Armour
 b - a +1 robe (worn)
 n - a +0 pair of gloves
Comestibles
 f - 2 bread rations
 t - a meat ration
Scrolls
 h - 2 scrolls of fog
 o - a scroll of teleportation
Jewellery
 i - a cursed ring of teleportation (left hand)
 l - a cursed -2 ring of dexterity (right hand)
Potions
 e - a potion of restore abilities {unknown}
 g - a potion of agility {unknown}
 j - a potion of confusion {unknown}
 k - a potion of heal wounds
 p - a potion of invisibility {unknown}
Books
 c - a book of Maledictions

   Spells                             Type                      Level
   *Corona                            Hexes                        1
   Sure Blade                         Hexes/Charms                 2
   Ensorcelled Hibernation            Hexes/Ice                    2
   Confuse                            Hexes                        3
   *Dazzling Spray                    Conjuration/Hexes            3
   Enslavement                        Hexes                        4


   Skills:
 - Level 2.0 Short Blades
 - Level 1.3 Throwing
 - Level 2.4 Dodging
 - Level 4.0 Stealth
 - Level 1.5 Spellcasting
 - Level 1.1 Conjurations
 + Level 5.7 Hexes


You had 4 spell levels left.
You knew the following spells:

 Your Spells              Type           Power        Failure   Level  Hunger
a - Corona                Hex            ###....      1%          1    ##.....
e - Dazzling Spray        Conj/Hex       ##......     17%         3    ####...


Dungeon Overview and Level Annotations

Branches:
Dungeon (7/15)
 Temple: D:4-7

Altars:
Elyvilon
Makhleb

Annotations:
D:3 Terence
D:4 Grinder


Innate Abilities, Weirdness & Mutations

You are small and have problems with some larger weapons.
You are somewhat resistant to further mutation.
You have a slow metabolism.


Message History

Found 16 poisoned needles.
The orc closely misses you.
Found a scroll labeled ONIOKO VIEB and 6 gold pieces.
Grinder gestures.
Grinder blinks!
Grinder gestures at you.
You suddenly lose the ability to move!
The orc hits you with a war axe. The orc hits you but does no damage.
Grinder says, "Wait up."
The orc hits you with a war axe.
Grinder says, "Mostly I couldn't keep them alive."
Grinder gestures at you. Pain shoots through your body!
The orc wizard shouts!
The orc hits you with a war axe!
* * * LOW HITPOINT WARNING * * *
Grinder gestures at you. Pain shoots through your body!
You die...

..# ... .%# .w# ..# ..#
.#.
#.##################....
...w.....>....[.<........
#.#######.##..oo@........
#.# #.##..........$.. #.#
#.##..o.......?.
#.#######.##..........##
..............(.......#
#.#######.##....5....##
#.# #ยง##.........# ..#
#.##......... ..#
#.##........


You could see Grinder, an orc wizard and 2 orcs.

Vanquished Creatures
  An ogre (D:7)
  A quasit (D:6)
  A jelly (D:6)
  An orc wizard (D:6)
  An iguana (D:6)
  A worker ant (D:5)
  3 adders
  An adder zombie (D:6)
  An ooze (D:3)
  2 orcs (D:6)
  7 goblins
  6 hobgoblins
  6 jackals
  7 kobolds
  A quokka (D:5)
  A ball python (D:3)
  5 bats
  2 giant cockroaches
  3 giant newts
51 creatures vanquished.

Notes
Turn   | Place    | Note
--------------------------------------------------------------
     0 | D:1      | Amnesiac, the Halfling Enchanter, began the quest for the Orb.
     0 | D:1      | Reached XP level 1. HP: 11/11 MP: 2/2
   207 | D:1      | Reached skill level 3 in Stealth
   314 | D:1      | Reached XP level 2. HP: 9/17 MP: 1/3
  1042 | D:3      | Found a white marble altar of Elyvilon.
  1043 | D:3      | Noticed Terence
  1056 | D:3      | Reached XP level 3. HP: 19/21 MP: 1/5
  1061 | D:3      | Learned a level 3 spell: Dazzling Spray
  1182 | D:3      | Reached skill level 4 in Stealth
  1273 | D:4      | Noticed Grinder
  1275 | D:5      | Entered Level 5 of the Dungeon
  1309 | D:6      | Found a burning altar of Makhleb.
  1525 | D:6      | Noticed a scorpion
  1525 | D:6      | Noticed an ogre
  1559 | D:6      | Reached skill level 1 in Conjurations
  1559 | D:6      | Reached XP level 4. HP: 27/27 MP: 2/6
  1571 | D:6      | Reached XP level 5. HP: 28/31 MP: 3/7
  1626 | D:7      | Noticed an ogre
  1635 | D:7      | Killed an ogre
  1635 | D:7      | Reached skill level 5 in Hexes
  1635 | D:7      | Reached XP level 6. HP: 36/36 MP: 1/9
  2105 | D:4      | Paralysed by Grinder for 7 turns
  2111 | D:4      | Killed from afar by Grinder

Action                   |  1- 3 |  4- 6 || total
-------------------------+-------+-------++-------
Melee: Dagger            |    96 |       ||    96
       Lajatang          |     7 |    42 ||    49
 Cast: Corona            |     7 |       ||     7
       Dazzling Spray    |     2 |     5 ||     7
 Abil: Evoke Teleportati |     1 |       ||     1
  Use: Scroll            |     5 |     5 ||    10
       Potion            |     1 |       ||     1
 Stab: Sleeping          |     3 |     3 ||     6
       Invisible         |     1 |       ||     1
